cohdb
Replays
Latest Replays
All Replays
Popular Replays
Top Player Replays
Match Explorer
How It Works
Community
CoH3 Stats
Reddit
Sign in to upload your games and track your stats! →
Sign in with Steam
Match 44479416
Unlisted
Match 44479416
Overview
Messages
Build Orders
End
Kradschützen Motorcycle Team
Panzerpioneer Squad
Panzerpioneer Squad
Selects Armored Support Battlegroup
Construct Light Support Kompanie
250 Light Carrier
Fire Support Elements
Selects Superior Fire Drills
Combat Half-tracks
Assault Grenadier Squad
Flakvierling Half-track
Panzerjäger Mechanized Group
Pak 38 Anti-tank Gun Team
Construct Panzerarmee Kommand
Selects Flammpanzer III Medium Tank
Flammpanzer III Medium Tank
Flammpanzer III Medium Tank
le.IG 18 Mechanized Group
Panzer III L Medium Tank
2.5-tonne Medical Truck
Vehicle Survival Package
Panzer III L Medium Tank
Flammpanzer III Medium Tank
XuZhongwei
Ado
秋名山没有车神
Bakku
Madjinn
ngmr86
whiitey08
Alkoholischer Soldat
0
0
Comments
sign in to comment!
No comments posted yet!